TOP OF THE 1ST |
Calgary Lynx batting - Pitching for Pawnee ParksNRec : RHP Eric Colquhoun
|
Pitching: RHP Eric Colquhoun
|
|
Batting: RHB Jing-sheng Joo
|
0-0: Ball 1-0: Ball 2-0: Foul Ball, location: 2F 2-1: Called Strike 2-2: Strikes out swinging
|
Batting: LHB Daniel García
|
0-0: Ground out 4-3 (Groundball, 34)
|
Batting: LHB Michael Ward
|
0-0: Called Strike 0-1: Foul Ball, location: 2F 0-2: Hit by Pitch
|
Batting: RHB Hani Azwan
|
0-0: Ball Michael Ward steals 2nd base 1-0: Foul Ball, location: 2F 1-1: Foul Ball, location: 2F 1-2: Strikes out looking
|
Top of the 1st over - 0 runs, 0 hits, 0 errors, 1 left on base; Calgary 0 - Pawnee 0 |
BOTTOM OF THE 1ST |
Pawnee ParksNRec batting - Pitching for Calgary Lynx : RHP Lorenzo Díaz
|
Pitching: RHP Lorenzo Díaz
|
|
Batting: RHB Jeremy Geertsen
|
0-0: Ball 1-0: Fly out, F9 (Flyball, 89M)
|
Batting: RHB Dan Vanblarcom
|
0-0: Ball 1-0: Swinging Strike 1-1: Ball 2-1: Called Strike 2-2: Ball 3-2: Fly out, F7 (Line Drive, 7)
|
Batting: RHB Iván Rodríguez
|
0-0: Called Strike 0-1: Ball 1-1: Fly out, F9 (Flyball, 9LD)
|
Bottom of the 1st over - 0 runs, 0 hits, 0 errors, 0 left on base; Calgary 0 - Pawnee 0 |
TOP OF THE 2ND |
Calgary Lynx batting - Pitching for Pawnee ParksNRec : RHP Eric Colquhoun
|
Batting: RHB José de la Cavallería
|
0-0: Swinging Strike 0-1: Ball 1-1: Ball 2-1: Ball 3-1: Base on Balls
|
Batting: RHB Júlio Vargas
|
0-0: Grounds into double play, 1-4-3 (Groundball, 15S)
|
Batting: RHB Luis Delvalle
|
0-0: Foul Ball, location: 2F 0-1: Ball 1-1: Ball 2-1: Called Strike 2-2: Ball 3-2: Foul Ball, location: 2F 3-2: Strikes out swinging
|
Top of the 2nd over - 0 runs, 0 hits, 0 errors, 0 left on base; Calgary 0 - Pawnee 0 |
BOTTOM OF THE 2ND |
Pawnee ParksNRec batting - Pitching for Calgary Lynx : RHP Lorenzo Díaz
|
Batting: RHB Amon-Ra St. Brown
|
0-0: Ball 1-0: DOUBLE (Line Drive, 7LD)
|
Batting: RHB Gustavo González
|
0-0: Foul Ball, location: 2F 0-1: Foul Ball, location: 2F 0-2: Foul Ball, location: 2F 0-2: Ground out 5-3 (Groundball, 56)
|
Batting: RHB Alan Patterson
|
0-0: Swinging Strike 0-1: Ground out 6-3 (Groundball, 6M) Amon-Ra St. Brown to third
|
Batting: RHB David Tineo
|
0-0: Called Strike 0-1: TRIPLE (Line Drive, 7D) Amon-Ra St. Brown scores
|
Batting: RHB Roberto Aguirre
|
0-0: Called Strike 0-1: Ball 1-1: Called Strike 1-2: Ball 2-2: Strikes out swinging
|
Bottom of the 2nd over - 1 run, 2 hits, 0 errors, 1 left on base; Calgary 0 - Pawnee 1 |
TOP OF THE 3RD |
Calgary Lynx batting - Pitching for Pawnee ParksNRec : RHP Eric Colquhoun
|
Batting: RHB Dave Sosa
|
0-0: Swinging Strike 0-1: Called Strike 0-2: Ball 1-2: Strikes out swinging
|
Batting: RHB Rubén Medina
|
0-0: Swinging Strike 0-1: Ball 1-1: Called Strike 1-2: Ball 2-2: SINGLE (Line Drive, 3)
|
Batting: RHB Jing-sheng Joo
|
0-0: Ball 1-0: Called Strike 1-1: Foul Ball, location: 2F 1-2: Ball 2-2: Ball 3-2: Strikes out looking
|
Batting: LHB Daniel García
|
0-0: Called Strike 0-1: Ball 1-1: Fly out, F9 (Flyball, 89M)
|
Top of the 3rd over - 0 runs, 1 hit, 0 errors, 1 left on base; Calgary 0 - Pawnee 1 |
BOTTOM OF THE 3RD |
Pawnee ParksNRec batting - Pitching for Calgary Lynx : RHP Lorenzo Díaz
|
Batting: RHB Mike Lipide
|
0-0: Ground out 5-3 (Groundball, 5S)
|
Batting: RHB Jeremy Geertsen
|
0-0: Foul Ball, location: 2F 0-1: Ball 1-1: Ball 2-1: Foul Ball, location: 2F 2-2: Foul Ball, location: 2F 2-2: Foul Ball, location: 2F 2-2: Ball 3-2: DOUBLE (Groundball, 5L)
|
Batting: RHB Dan Vanblarcom
|
0-0: Ball 1-0: Fly out, F5 (Popup, 5SF)
|
Batting: RHB Iván Rodríguez
|
0-0: Ball 1-0: Foul Ball, location: 2F 1-1: Ground out 6-3 (Groundball, 6)
|
Bottom of the 3rd over - 0 runs, 1 hit, 0 errors, 1 left on base; Calgary 0 - Pawnee 1 |
TOP OF THE 4TH |
Calgary Lynx batting - Pitching for Pawnee ParksNRec : RHP Eric Colquhoun
|
Batting: LHB Michael Ward
|
0-0: Called Strike 0-1: Ball 1-1: Ground out U3 (Groundball, 3L)
|
Batting: RHB Hani Azwan
|
0-0: Ball 1-0: Foul Ball, location: 2F 1-1: Called Strike 1-2: Ball 2-2: Fly out, F6 (Flyball, 6D)
|
Batting: RHB José de la Cavallería
|
0-0: Ground out 5-3 (Groundball, 5)
|
Top of the 4th over - 0 runs, 0 hits, 0 errors, 0 left on base; Calgary 0 - Pawnee 1 |
BOTTOM OF THE 4TH |
Pawnee ParksNRec batting - Pitching for Calgary Lynx : RHP Lorenzo Díaz
|
Batting: RHB Amon-Ra St. Brown
|
0-0: Called Strike 0-1: Ball 1-1: Ball 2-1: Called Strike 2-2: SINGLE (Line Drive, 89S)
|
Batting: RHB Gustavo González
|
0-0: Ball 1-0: Foul Ball, location: 2F 1-1: Called Strike 1-2: 2-RUN HOME RUN (Flyball, 78XD), Distance : 421 ft
|
Batting: RHB Alan Patterson
|
0-0: Ball 1-0: Ball 2-0: Fly out, F7 (Flyball, 78D)
|
Batting: RHB David Tineo
|
0-0: Ball 1-0: Fly out, F7 (Flyball, 7S)
|
Batting: RHB Roberto Aguirre
|
0-0: Hit by Pitch
|
Batting: RHB Mike Lipide
|
0-0: Called Strike 0-1: Ball Roberto Aguirre is caught stealing 2nd base
|
Bottom of the 4th over - 2 runs, 2 hits, 0 errors, 0 left on base; Calgary 0 - Pawnee 3 |
TOP OF THE 5TH |
Calgary Lynx batting - Pitching for Pawnee ParksNRec : RHP Eric Colquhoun
|
Batting: RHB Júlio Vargas
|
0-0: Ground out 6-3 (Groundball, 6)
|
Batting: RHB Luis Delvalle
|
0-0: Ball 1-0: Foul Ball, location: 2F 1-1: Fly out, F7 (Line Drive, 78D)
|
Batting: RHB Dave Sosa
|
0-0: Called Strike 0-1: Ball 1-1: Ball 2-1: SINGLE (Groundball, 6MD)
|
Batting: RHB Rubén Medina
|
0-0: Called Strike 0-1: Ball 1-1: Ball 2-1: Foul Ball, location: 2F 2-2: SINGLE (Flyball, 8RS) Dave Sosa to second
|
Batting: RHB Jing-sheng Joo
|
0-0: Fly out, F7 (Flyball, 78S)
|
Top of the 5th over - 0 runs, 2 hits, 0 errors, 2 left on base; Calgary 0 - Pawnee 3 |
BOTTOM OF THE 5TH |
Pawnee ParksNRec batting - Pitching for Calgary Lynx : RHP Lorenzo Díaz
|
Batting: RHB Mike Lipide
|
0-0: Ball 1-0: Foul Ball, location: 2F 1-1: Foul Ball, location: 2F 1-2: SINGLE (Line Drive, 89S)
|
Batting: RHB Jeremy Geertsen
|
0-0: Bunt missed! 0-1: Sac Bunt - play at first, batter OUT! 1-4 Mike Lipide to second
|
Batting: RHB Dan Vanblarcom
|
0-0: Ball 1-0: Swinging Strike 1-1: Ball 2-1: Ball 3-1: Fly out, F9 (Flyball, 89D) Runner from 2nd tags up, SAFE at 3rd, no throw
|
Batting: RHB Iván Rodríguez
|
0-0: Called Strike 0-1: Ground out 4-3 (Groundball, 4)
|
Bottom of the 5th over - 0 runs, 1 hit, 0 errors, 1 left on base; Calgary 0 - Pawnee 3 |
TOP OF THE 6TH |
Calgary Lynx batting - Pitching for Pawnee ParksNRec : RHP Eric Colquhoun
|
Batting: LHB Daniel García
|
0-0: Ground out 4-3 (Groundball, 34)
|
Batting: LHB Michael Ward
|
0-0: Swinging Strike 0-1: Ground out 1-3 (Groundball, 13S)
|
Batting: RHB Hani Azwan
|
0-0: Called Strike 0-1: Ball 1-1: Ball 2-1: Called Strike 2-2: Fly out, F8 (Flyball, 8RXD)
|
Top of the 6th over - 0 runs, 0 hits, 0 errors, 0 left on base; Calgary 0 - Pawnee 3 |
BOTTOM OF THE 6TH |
Pawnee ParksNRec batting - Pitching for Calgary Lynx : RHP Lorenzo Díaz
|
Batting: RHB Amon-Ra St. Brown
|
0-0: Called Strike 0-1: Ball 1-1: Ball 2-1: Called Strike 2-2: Foul Ball, location: 2F 2-2: Foul Ball, location: 2F 2-2: Ball 3-2: SINGLE (Groundball, 6MD)
|
Batting: RHB Gustavo González
|
0-0: Called Strike Amon-Ra St. Brown steals 2nd base 0-1: SINGLE (Groundball, 3D) Amon-Ra St. Brown to third
|
Batting: RHB Alan Patterson
|
0-0: Ball 1-0: Foul Ball, location: 2F 1-1: Ball 2-1: Fly out, F3 (Popup, 23F)
|
Batting: RHB David Tineo
|
0-0: Ball 1-0: Fly out, F5 (Line Drive, 56)
|
Batting: RHB Roberto Aguirre
|
0-0: Ball 1-0: Called Strike 1-1: Ball 2-1: Swinging Strike 2-2: Fly out, F7 (Flyball, 7)
|
Bottom of the 6th over - 0 runs, 2 hits, 0 errors, 2 left on base; Calgary 0 - Pawnee 3 |
TOP OF THE 7TH |
Calgary Lynx batting - Pitching for Pawnee ParksNRec : RHP Eric Colquhoun
|
Batting: RHB José de la Cavallería
|
0-0: Called Strike 0-1: Ground out 6-3 (Groundball, 6)
|
Batting: RHB Júlio Vargas
|
0-0: Ball 1-0: Foul Ball, location: 2F 1-1: Ball 2-1: SINGLE (Groundball, 4) (infield hit)
|
Batting: RHB Luis Delvalle
|
0-0: Ball 1-0: Foul Ball, location: 2F 1-1: Foul Ball, location: 2F 1-2: Ball 2-2: Fly out, F9 (Flyball, 9LS)
|
Batting: RHB Dave Sosa
|
0-0: Ball 1-0: Ball 2-0: Ball 3-0: Called Strike 3-1: Base on Balls Júlio Vargas to second
|
Batting: RHB Rubén Medina
|
0-0: Swinging Strike 0-1: Fielders Choice at 2nd, 6-4 (Groundball, 6MD)
|
Top of the 7th over - 0 runs, 1 hit, 0 errors, 2 left on base; Calgary 0 - Pawnee 3 |
BOTTOM OF THE 7TH |
Pawnee ParksNRec batting - Pitching for Calgary Lynx : RHP Lorenzo Díaz
|
Batting: RHB Mike Lipide
|
0-0: Called Strike 0-1: Ball 1-1: Foul Ball, location: 2F 1-2: Ball 2-2: SINGLE (Line Drive, 7S)
|
Batting: RHB Jeremy Geertsen
|
0-0: Sac Bunt - play at first, batter OUT! 1-3 Mike Lipide to second
|
Batting: RHB Dan Vanblarcom
|
0-0: Intentional Walk
|
Batting: RHB Iván Rodríguez
|
0-0: Ball 1-0: Ball 2-0: Ball 3-0: Foul Ball, location: 2F 3-1: Swinging Strike 3-2: Base on Balls Mike Lipide to third Dan Vanblarcom to second
|
Pitching: RHP J.J. Spencer
|
|
Batting: RHB Amon-Ra St. Brown
|
0-0: Called Strike 0-1: Called Strike 0-2: Ball 1-2: SINGLE (Flyball, 6D) Mike Lipide scores Dan Vanblarcom to third Iván Rodríguez to second
|
Batting: RHB Gustavo González
|
0-0: Called Strike 0-1: Ball 1-1: Foul Ball, location: 2F 1-2: Strikes out looking
|
Pitching: RHP Jiong Bao
|
|
Batting: RHB Alan Patterson
|
0-0: Ball 1-0: SINGLE (Groundball, 3D) Dan Vanblarcom scores Iván Rodríguez to third Amon-Ra St. Brown to second Runner from 3rd tries for Home, SAFE, no throw
|
Batting: RHB David Tineo
|
0-0: Ball 1-0: Called Strike 1-1: Ball 2-1: Ball 3-1: SINGLE (Groundball, 15S) (infield hit) Amon-Ra St. Brown to third Alan Patterson to second
|
Batting: RHB Roberto Aguirre
|
0-0: Called Strike 0-1: Ball 1-1: Ball 2-1: Called Strike 2-2: Foul Ball, location: 2F 2-2: Foul Ball, location: 2F 2-2: Ball 3-2: Base on Balls Amon-Ra St. Brown scores Alan Patterson to third David Tineo to second
|
Batting: RHB Mike Lipide
|
0-0: Called Strike 0-1: Ball 1-1: SINGLE (Line Drive, 6D) Alan Patterson scores David Tineo to third Roberto Aguirre to second Runner from 3rd tries for Home, SAFE, no throw
|
Batting: RHB Jeremy Geertsen
|
0-0: Ball 1-0: Called Strike 1-1: Fielders Choice at 2nd, 6-4 (Groundball, 6)
|
Bottom of the 7th over - 6 runs, 5 hits, 0 errors, 2 left on base; Calgary 0 - Pawnee 9 |
TOP OF THE 8TH |
Calgary Lynx batting - Pitching for Pawnee ParksNRec : RHP Eric Colquhoun
|
Batting: RHB Jing-sheng Joo
|
0-0: Ball 1-0: Ball 2-0: Swinging Strike 2-1: Foul Ball, location: 2F 2-2: Ball 3-2: Foul Ball, location: 2F 3-2: Foul Ball, location: 2F 3-2: Strikes out looking
|
Batting: LHB Daniel García
|
0-0: Swinging Strike 0-1: Foul Ball, location: 2F 0-2: Ball 1-2: Strikes out looking
|
Batting: LHB Michael Ward
|
0-0: Swinging Strike 0-1: Swinging Strike 0-2: Foul Ball, location: 2F 0-2: Ball 1-2: Ball 2-2: Ground out 4-3 (Groundball, 34D)
|
Top of the 8th over - 0 runs, 0 hits, 0 errors, 0 left on base; Calgary 0 - Pawnee 9 |
BOTTOM OF THE 8TH |
Pawnee ParksNRec batting - Pitching for Calgary Lynx : RHP Jiong Bao
|
Batting: RHB Dan Vanblarcom
|
0-0: Ball 1-0: Swinging Strike 1-1: Foul Ball, location: 2F 1-2: Foul Ball, location: 2F 1-2: Ball 2-2: Ball 3-2: Foul Ball, location: 2F 3-2: Foul Ball, location: 2F 3-2: Base on Balls
|
Batting: RHB Iván Rodríguez
|
0-0: Foul Ball, location: 2F 0-1: Called Strike 0-2: Foul Ball, location: 2F 0-2: Foul Ball, location: 2F 0-2: Ball 1-2: Ball 2-2: Strikes out looking
|
Batting: RHB Amon-Ra St. Brown
|
0-0: Swinging Strike 0-1: Ball 1-1: Fielders Choice at 2nd, 4-6 (Groundball, 34)
|
Batting: RHB Gustavo González
|
0-0: Ball 1-0: Ball Amon-Ra St. Brown is caught stealing 2nd base
|
Bottom of the 8th over - 0 runs, 0 hits, 0 errors, 0 left on base; Calgary 0 - Pawnee 9 |
TOP OF THE 9TH |
Calgary Lynx batting - Pitching for Pawnee ParksNRec : RHP Eric Colquhoun
|
Batting: RHB Hani Azwan
|
0-0: Fly out, F7 (Flyball, 7S)
|
Batting: RHB José de la Cavallería
|
0-0: Foul Ball, location: 2F 0-1: Foul Ball, location: 2F 0-2: Ball 1-2: Foul Ball, location: 2F 1-2: DOUBLE (Line Drive, 89D)
|
Pitching: RHP Justin Barber
|
|
Batting: RHB Júlio Vargas
|
0-0: Called Strike 0-1: Called Strike 0-2: Foul Ball, location: 2F 0-2: Ball 1-2: Ball 2-2: Strikes out swinging
|
Batting: RHB Luis Delvalle
|
0-0: Ball 1-0: Ball 2-0: Ball 3-0: Called Strike 3-1: Foul Ball, location: 2F 3-2: Base on Balls
|
Batting: RHB Dave Sosa
|
0-0: Ball 1-0: Ball 2-0: Ball 3-0: Called Strike 3-1: Fly out, F7 (Line Drive, 7)
|
Top of the 9th over - 0 runs, 1 hit, 0 errors, 2 left on base; Calgary 0 - Pawnee 9 |
|